 Dungeon Crawl Stone Soup version 0.29-a0-289-g2178c42546 (webtiles) character file.

Game seed: 850655267265528025

27897 Dabor the Fighter (level 13, -11/126 HPs)
             Began as a Gargoyle Fighter on Mar 17, 2022.
             Was a High Priest of Nemelex Xobeh.
             Mangled by Dabor's ghost (21 damage)
             ... on level 2 of the Orcish Mines.
             The game lasted 00:45:45 (15452 turns).

Dabor the Fighter (Gargoyle Fighter)               Turns: 15452, Time: 00:45:45

Health: -11/126    AC: 41    Str: 25 (27) XL:     13   Next: 35%
Magic:  9/19       EV: 16    Int: 10 (13) God:    Nemelex Xobeh [*****.]
Gold:   1420       SH:  0    Dex: 16 (18) Spells: 12/12 levels left

rFire   . . .      SeeInvis .   E - +9 great mace "Gubi Ama" {venom, Will+ Int+3 Dex+3}
rCold   . . .      Faith    +   (shield currently unavailable)
rNeg    + . .      Spirit   .   a - +2 plate armour {rPois}
rPois   ∞          Reflect  .   x - +1 helmet
rElec   +          Harm     .   G - +0 cloak
rCorr   .          Rampage  .   m - +2 pair of gloves
Will    +....                   k - +2 pair of boots
Stlth   ..........              p - amulet of faith
HPRegen 0.31/turn               M - ring "Xyjabeih" {Fly AC+4 Str+3}
MPRegen 0.16/turn               N - +6 ring of dexterity

@: agile, berserking, flying, very quick
A: sickness immunity, AC +9, negative energy resistance 1, electricity
resistance, torment resistance 1, petrification resistance
a: Renounce Religion, Draw Escape, Draw Destruction, Draw Summoning, Triple
Draw, Deal Four, Stack Five


You were on level 2 of the Orcish Mines.
You worshipped Nemelex Xobeh.
Nemelex Xobeh was extremely pleased with you.
You visited 3 branches of the dungeon, and saw 16 of its levels.
You also visited: Sewer.

You collected 1535 gold pieces.
You spent 115 gold pieces at shops.

Inventory:

Hand Weapons
 r - a +1 flail of electrocution
 E - the +9 great mace "Gubi Ama" (weapon) {venom, Will+ Int+3 Dex+3}
   (You took it off an ogre on level 8 of the Dungeon)

   It poisons the flesh of those it strikes.
   Int:       It affects your intelligence (+3).
   Dex:       It affects your dexterity (+3).
   Will:      It increases your willpower.
Missiles
 e - 14 poisoned darts (quivered)
 j - 5 javelins
 F - a throwing net
Armour
 a - a +2 plate armour of poison resistance (worn)
 k - a +2 pair of boots (worn)
 m - a +2 pair of gloves (worn)
 q - a +2 scale mail of cold resistance
 x - a +1 helmet (worn)
 G - a +0 cloak (worn)
 J - the +5 kite shield of Elyvilon's Vengeance {Harm Regen+ Dex+4}
   (You found it on level 10 of the Dungeon)

   Dex:       It affects your dexterity (+4).
   Regen:     It increases your rate of health regeneration.
   Harm:      It increases damage dealt and taken.
Jewellery
 d - a ring of flight
 n - a ring of see invisible
 p - an amulet of faith (around neck)
 M - the ring "Xyjabeih" (left hand) {Fly AC+4 Str+3}
   (You bought it in a shop on level 12 of the Dungeon)

   [ring of protection]

   AC:        It affects your AC (+4).
   Str:       It affects your strength (+3).
   Fly:       It grants you flight.
 N - a +6 ring of dexterity (right hand)
Wands
 h - a wand of paralysis (12)
 t - a wand of mindburst (18)
 v - a wand of iceblast (1)
 C - a wand of polymorph (15)
Scrolls
 b - a scroll of fear
 c - a scroll of magic mapping
 f - 2 scrolls of amnesia
 i - 2 scrolls of fog
 o - a scroll of summoning
 s - 7 scrolls of teleportation
 w - 2 scrolls of immolation
 y - 2 scrolls of silence
 A - a scroll of blinking {unknown}
 D - a scroll of enchant armour
 K - 2 scrolls of identify
Potions
 g - a potion of brilliance
 l - a potion of invisibility
 u - 2 potions of resistance
 B - a potion of cancellation
 H - a potion of mutation {unknown}
 I - 2 potions of might
 L - a potion of ambrosia {unknown}


   Skills:
 + Level 11.5 Fighting
 + Level 10.2 Maces & Flails
 - Level 4.0 Throwing
 + Level 11.4 Armour
 + Level 8.4 Dodging
 - Level 3.3 Shields
 - Level 9.0 Invocations
 - Level 4.0 Evocations


You had 12 spell levels left.
You didn't know any spells.
Your spell library contained the following spells:

 Spells                   Type           Power      Damage    Failure   Level
 Freeze                   Ice            0%         1d3       98%         1
 Sting                    Tmut/Pois      0%         1d3       98%         1
 Ensorcelled Hibernation  Hex/Ice        0%         N/A       99%         2
 Poisonous Vapours        Pois/Air       0%         N/A       99%         2
 Frozen Ramparts          Ice            0%         1d2       100%        3
 Gell's Gravitas          Tloc           0%         N/A       100%        3
 Ignite Poison            Fire/Tmut/Pois 0%         N/A       100%        3
 Lesser Beckoning         Tloc           0%         N/A       100%        3
 Mephitic Cloud           Conj/Pois/Air  0%         N/A       100%        3
 Spider Form              Tmut/Pois      0%         N/A       100%        3
 Teleport Other           Tloc           0%         N/A       100%        3
 Anguish                  Hex/Necr       0%         N/A       100%        4
 Hailstorm                Conj/Ice       0%         3d3       100%        4
 Olgreb's Toxic Radiance  Pois           0%         N/A       100%        4
 Freezing Cloud           Conj/Ice/Air   0%         6-21      100%        5


Dungeon Overview and Level Annotations

Branches:
Dungeon (13/15)            Temple (1/1) D:6            Lair (0/6) D:10
    Orc (2/2) D:10            Elf (0/3) Orc:2         Sewer (visited)
 Vaults: D:13-14

Altars:
Ashenzari
Cheibriados
Dithmenos
Elyvilon
Fedhas
Gozag
Hepliaklqana
Kikubaaqudgha
Makhleb
Nemelex Xobeh
Okawaru
Qazlal
Ru
Sif Muna
Trog
Uskayaw
Vehumet
Wu Jian
Xom
Yredelemnul
Zin
The Shining One

Shops:
D:4 [   D:12 *

Annotations:
Orc:2 Dabor's ghost, journeyman TrFi
Abyss:1 Snorg


Innate Abilities, Weirdness & Mutations

You are immune to sickness and miasma.
Your stone body is resilient. (AC +9)
You are immune to poison.
You resist negative energy. (rN+)
You are resistant to electric shocks. (rElec)
You are resistant to unholy torment.
You are immune to petrification.


Message History

It was a potion of resistance.
You feel protected. The +0 lajatang of chaos misses you.
Dabor's ghost misses you.
Your polar bear bites Dabor's ghost.
Your polar bear claws Dabor's ghost but does no damage.
Your polar bear barely misses Dabor's ghost.
The +0 lajatang of chaos hits you! The +0 lajatang of chaos freezes you.
It was a potion of degeneration.
There was something very wrong with that liquid.
You feel weakened.
You feel dopey.
You feel clumsy.
The +0 lajatang of chaos hits you but does no damage.
You fade into invisibility!
Dabor's ghost hits you!
* * * LOW HITPOINT WARNING * * *
Your polar bear bites Dabor's ghost but does no damage.
Your polar bear closely misses Dabor's ghost.
Your polar bear completely misses Dabor's ghost.
You are too confused!
It was a potion of cancellation.
Your magical effects are unravelling.
You feel magically purged.
You flicker back into view.
You feel less confused.
You feel a little less agile now.
Your resistance to elements expires.
The +0 lajatang of chaos hits you but does no damage.
A red film seems to cover your vision as you go berserk!
You feel yourself moving faster!
You feel mighty! The +0 lajatang of chaos hits you!
* * * LOW HITPOINT WARNING * * *
You feel your power leaking away. Dabor's ghost hits you!
* * * LOW HITPOINT WARNING * * *
Your polar bear closely misses Dabor's ghost. x2
Your polar bear misses Dabor's ghost.
You miss Dabor's ghost.
Dabor's ghost is lightly damaged.
The +0 lajatang of chaos hits you but does no damage.
You feel agile all of a sudden. Dabor's ghost hits you!!
You die...
Your body glows with a rainbow of weird colours and disappears.

##. #..)))......<.#
## ##...........##
##.##...........##
#...........#....#
#..#....#..##...#
#......##...##...#
##.......##..###.##
.##.#....####...# #
.......@(#$##...#
........W'_.##.##
...#....h#=##### $.
#.....### #
#.....## #.......
##.##..# ## #...
##.#


You could see a +0 lajatang of chaos, Dabor's ghost (ally target) and a friendly
polar bear (summoned).

Vanquished Creatures
  Josephine (D:11)
  A boulder beetle (Orc:1)
  A hydra (D:11)
  3 two-headed ogres
  Lodul (D:11)
  The ghost of hemabe71 the Charlatan, a novice HuAr of Trog (D:8)
  A necromancer (D:10)
  A manticore (D:12)
  An orc sorcerer (Orc:1)
  2 ugly things (D:12)
  Maurice (Orc:2)
  An elephant (D:11)
  3 unseen horrors
  A rime drake (D:10)
  4 trolls
  A hornet (D:9)
  A snapping turtle (D:11)
  3 shadows (D:9)
  The ghost of fly the Quickloader, an amateur KoHu (D:6)
  5 wraiths (D:11)
  10 slime creatures (D:12)
  2 vampires (D:11)
  A wyvern (D:9)
  A human (D:9)
  A basilisk (D:12)
  7 yaks
  3 vampire mosquitoes (D:11)
  4 wargs (Orc:1)
  2 acid dragons
  4 water moccasins
  A floating eye (D:11)
  2 ice beasts
  3 black bears
  2 sky beasts
  12 orc warriors
  5 ogres
  A wolf (D:10)
  4 centaurs
  A phantom (D:6)
  A kobold brigand (D:6)
  7 bullfrogs
  3 necrophages
  4 gnoll sergeants
  5 scorpions
  8 wights
  18 killer bees
  A howler monkey (D:12)
  5 hounds
  7 orc priests
  A gnoll shaman (D:10)
  2 iguanas
  6 orc wizards
  4 yak simulacra (D:10)
  4 polar bear simulacra (D:10)
  3 wolf simulacra (D:10)
  9 gnolls
  7 adders
  2 shadow imps
  4 ufetubi
  A worm (D:2)
  3 dart slugs
  53 orcs
  6 endoplasms
  5 giant cockroaches (D:3)
  7 goblins
  5 hobgoblins
  2 jackals (Sewer)
  4 quokkas
  10 ball pythons
  6 bats
  4 frilled lizards
  A jackal skeleton (D:9)
  13 kobolds
  A kobold skeleton (D:9)
  5 rats
327 creatures vanquished.

Vanquished Creatures (collateral kills)
  3 two-headed ogres
  2 tengu warriors (D:9)
  An ugly thing (D:11)
  A cyclops (D:11)
  An unseen horror (D:11)
  A slime creature (D:12)
  The ghost of Ordine the Slasher, an amateur TeWr (D:3)
  An orc warrior (D:11)
  2 ogres (D:8)
  A centaur (D:12)
  A bullfrog (D:10)
  An orc priest (D:10)
  An iguana (D:3)
  An orc wizard (D:10)
  2 orcs (D:3)
  A bat (D:3)
  A frilled lizard (D:3)
22 creatures vanquished.

Vanquished Creatures (others)
  A komodo dragon (D:12)
  A hornet (D:8)
  3 fungi (D:10)
  5 plants
10 creatures vanquished.

Grand Total: 359 creatures vanquished

Notes
Turn   | Place    | Note
-------+----------+-------------------------------------------
     0 | D:1      | Dabor the Gargoyle Fighter began the quest for the Orb.
     0 | D:1      | Reached XP level 1. HP: 14/14 MP: 1/1
   441 | D:1      | Reached XP level 2. HP: 16/19 MP: 2/2
   685 | D:1      | Found a faded altar of an unknown god.
   733 | D:1      | Prayed at the altar of an unknown god.
   733 | D:1      | Became a worshipper of Nemelex Xobeh the Trickster
   733 | D:1      | Reached * piety under Nemelex Xobeh
  1258 | D:1      | Reached XP level 3. HP: 24/24 MP: 3/3
  1367 | D:1      | Received a gift from Nemelex Xobeh
  1815 | D:2      | Reached ** piety under Nemelex Xobeh
  2338 | D:3      | Reached skill level 1 in Dodging
  2359 | D:3      | Noticed a necrophage
  2379 | D:3      | Killed a necrophage
  2380 | D:3      | Reached skill level 1 in Invocations
  2380 | D:3      | Reached XP level 4. HP: 24/29 MP: 3/5
  2407 | D:3      | Reached XP level 5. HP: 29/33 MP: 6/6
  2426 | D:3      | Found a runed translucent gate.
  2426 | D:3      | Found a runed translucent gate.
  2426 | D:3      | Found a runed translucent gate.
  2427 | D:3      | Found an opulent altar of Gozag.
  2428 | D:3      | Noticed Ordine's ghost (amateur TeWr)
  2601 | D:3      | Found a glowing drain.
  2628 | Sewer    | Entered a sewer
  2658 | Sewer    | Noticed a water moccasin
  2676 | Sewer    | Killed a water moccasin
  2677 | Sewer    | Reached XP level 6. HP: 17/39 MP: 7/7
  3187 | D:3      | Found a shimmering altar of Xom.
  3323 | D:3      | Killed Ordine's ghost
  3470 | D:4      | Reached XP level 7. HP: 40/44 MP: 9/9
  3543 | D:4      | Received a gift from Nemelex Xobeh
  3543 | D:4      | Found Ynuzat's Antique Armour Boutique.
  3639 | D:4      | Reached skill level 5 in Fighting
  3849 | D:5      | Entered Level 5 of the Dungeon
  4178 | D:5      | Reached skill level 5 in Armour
  4474 | D:5      | Reached *** piety under Nemelex Xobeh
  4526 | D:5      | Reached XP level 8. HP: 49/50 MP: 10/10
  5244 | D:6      | Found a runed translucent door.
  5246 | D:6      | Noticed fly's ghost (amateur KoHu)
  5297 | D:6      | Killed fly's ghost
  5661 | D:5      | Reached skill level 1 in Throwing
  5661 | D:5      | Reached skill level 1 in Evocations
  5908 | D:6      | Reached skill level 5 in Maces & Flails
  5940 | D:6      | Found a hazy altar of Hepliaklqana.
  5948 | D:6      | Found a shimmering blue altar of Sif Muna.
  6110 | D:6      | Reached XP level 9. HP: 34/55 MP: 12/12
  6450 | D:6      | Killed an unseen horror
  6451 | D:6      | Reached skill level 5 in Invocations
  6763 | D:6      | Found a white marble altar of Elyvilon.
  6798 | D:6      | Found a staircase to the Ecumenical Temple.
  6953 | D:7      | Received a gift from Nemelex Xobeh
  7154 | D:7      | Found a burning altar of Makhleb.
  7168 | D:7      | You are sucked into a shaft and drop 2 floors!
  7196 | D:9      | Noticed a tengu warrior
  7198 | D:9      | Noticed a tengu warrior
  7211 | D:9      | Killed a tengu warrior
  7220 | D:9      | Killed a tengu warrior
  7221 | D:9      | Reached XP level 10. HP: 50/63 MP: 13/13
  7569 | D:8      | Received a gift from Nemelex Xobeh
  7579 | D:7      | Reached **** piety under Nemelex Xobeh
  7604 | D:7      | Reached skill level 5 in Dodging
  7911 | Temple   | Entered the Ecumenical Temple
  7995 | D:7      | Found a radiant altar of Vehumet.
  8589 | D:8      | Found a transporter.
  8597 | D:8      | Found a transporter.
  8598 | D:8      | Noticed hemabe71's ghost (novice HuAr)
  8599 | D:8      | Identified the +9 great mace "Gubi Ama" {venom, Will+ Int+3
                  | Dex+3}
  8616 | D:8      | Noticed a two-headed ogre
  8623 | D:8      | Killed a two-headed ogre
  8693 | D:8      | Killed hemabe71's ghost
  8865 | D:8      | Reached XP level 11. HP: 69/69 MP: 15/15
  9075 | D:8      | Received a gift from Nemelex Xobeh
  9578 | D:9      | Noticed a two-headed ogre
  9619 | D:9      | Killed a two-headed ogre
 10063 | D:9      | Found a runed translucent door.
 10066 | D:9      | Found a basalt altar of Yredelemnul.
 10705 | D:10     | Entered Level 10 of the Dungeon
 10753 | D:10     | Reached ***** piety under Nemelex Xobeh
 10828 | D:10     | Noticed a two-headed ogre
 10846 | D:10     | Killed a two-headed ogre
 10860 | D:10     | Received a gift from Nemelex Xobeh
 10867 | D:10     | Found a staircase to the Lair.
 11236 | D:10     | Noticed a two-headed ogre
 11247 | D:10     | Killed a two-headed ogre
 11409 | D:10     | Noticed a necromancer
 11418 | D:10     | Killed a necromancer
 11447 | D:10     | Reached XP level 12. HP: 56/77 MP: 17/17
 11744 | D:10     | Noticed Erolcha
 11750 | D:10     | Noticed Erolcha
 11750 | D:10     | Erolcha changed into Erolcha the rime drake
 11754 | D:10     | Killed Erolcha the rime drake
 12043 | D:10     | Found a staircase to the Orcish Mines.
 12097 | D:10     | Identified the +5 kite shield of Elyvilon's Vengeance {Harm
                  | Regen+ Dex+4}
 12177 | D:11     | Noticed Lodul
 12177 | D:11     | Noticed a two-headed ogre
 12177 | D:11     | Noticed a two-headed ogre
 12177 | D:11     | Noticed a two-headed ogre
 12177 | D:11     | Noticed a two-headed ogre
 12178 | D:11     | Killed a two-headed ogre
 12179 | D:11     | Killed Lodul
 12179 | D:11     | a two-headed ogre changed into a snapping turtle
 12179 | D:11     | a two-headed ogre changed into a floating eye
 12179 | D:11     | a two-headed ogre changed into an elephant
 12180 | D:11     | Reached skill level 10 in Fighting
 12187 | D:11     | Reached skill level 10 in Armour
 12241 | D:11     | Noticed a five-headed hydra
 12244 | D:11     | Identified the +0 long sword of Qidauk {spect, *Corrode
                  | Str+6 Int+8}
 12250 | D:11     | Killed a six-headed hydra
 12519 | D:11     | Noticed Josephine
 12537 | D:11     | Killed Josephine
 12762 | D:11     | Received a gift from Nemelex Xobeh
 13328 | D:11     | Identified the +8 dagger of the Charming Gods {vorpal, rN+
                  | Str+4 SInv}
 13461 | D:12     | Found Xineoj's Assorted Antiques.
 13464 | D:12     | Bought a slimy brass ring for 115 gold pieces
 13464 | D:12     | Identified the ring "Xyjabeih" {Fly AC+4 Str+3} (You bought
                  | it in a shop on level 12 of the Dungeon)
 13542 | D:12     | Noticed a two-headed ogre
 13548 | D:12     | Killed a two-headed ogre
 13549 | D:12     | Reached XP level 13. HP: 46/84 MP: 19/19
 13556 | D:12     | Received a gift from Nemelex Xobeh
 14133 | D:12     | Received a gift from Nemelex Xobeh
 14331 | D:12     | Identified the +5 falchion of Brawling {freeze, rElec Will-
                  | Dex+6 SInv}
 14555 | Orc:1    | Entered Level 1 of the Orcish Mines
 14555 | Orc:1    | Found a radiant altar of Vehumet.
 14682 | Orc:1    | Reached skill level 10 in Maces & Flails
 14962 | Orc:1    | Received a gift from Nemelex Xobeh
 14974 | Orc:1    | Noticed Snorg
 14981 | Orc:1    | Banished Snorg
 15294 | Orc:2    | Entered Level 2 of the Orcish Mines
 15300 | Orc:2    | Found a staircase to the Elven Halls.
 15322 | Orc:2    | Noticed Maurice
 15341 | Orc:2    | Killed Maurice
 15427 | Orc:2    | Found a runed translucent door.
 15427 | Orc:2    | Found a shimmering altar of Xom.
 15428 | Orc:2    | Noticed Dabor's ghost (journeyman TrFi)
 15433 | Orc:2    | Identified the +0 hand axe "Hetit" {pain, rF+}
 15452 | Orc:2    | Mangled by Dabor's ghost

Illustrated notes

Levels and vault maps discovered:
D:1:      minmay_arrival_doors, layout_rooms, ebering_ecumenical_altar_rust
D:2:      layout_loops_cross
D:3:      layout_rooms, overflow_temple_1_default, portal_sewer_entry_f,
          ebering_ghost_gozag
D:4:      layout_rooms, serial_shops, nicolae_take_the_stairs,
          due_unseen_surprise
D:5:      layout_loops_corners
D:6:      layout_basic, mainiacjoe_overflow_six_doors_small,
          mainiacjoe_overflow_alcove_4, mainiacjoe_overflow_brackets,
          temple_green, ebering_ghost_inner_flame
D:7:      layout_gridville, mainiacjoe_overflow_surrounded_room,
          amcnicky_altar_gilded
D:8:      layout_rooms, gammafunk_ghost_smash, serial_bayou_pond_e, hex_large
D:9:      minmay_angry_zag, layout_basic, dk_yredelemnul_ordeal
D:10:     layout_cross, grunt_lair_entry_orc_guard_hut, orc_0_dummy,
          serial_gnoll_camp, gnoll_camp_mini_hut, gnoll_camp_mini_loothouse,
          gnoll_camp_mini_house, gnoll_camp_mini_hut, gnoll_camp_mini_hut,
          eino_house_with_fridge, uniq_erolcha
D:11:     layout_irregular_city, uniq_josephine, uniq_lodul
D:12:     layout_basic, serial_shops, kennysheep_mini
D:13:     layout_irregular_city
Temple:   minmay_freezing_vapour_temple
Orc:1:    layout_caves, basic_altar, rock_pile, uniq_snorg
Orc:2:    kennysheep_orc_mage_school, layout_caves, ebering_ghost_xom,
          uniq_maurice

Skill      XL: |  1  2  3  4  5  6  7  8  9 10 11 12 13 |
---------------+----------------------------------------+-----
Dodging        | 1 2 3 4 5 6 7 8 |  8.4
Fighting       | 4 5 6 7 8 9 10 11 | 11.5
Armour         | 4 5 6 7 8 9 10 11 | 11.4
Invocations    | 1 2 3 4 5 6 7 9 |  9.0
Maces & Flails | 3 4 5 6 7 8 9 10 | 10.2
Throwing       | 1 3 4 |  4.0
Evocations     | 1 3 4 |  4.0
Shields        | |  3.3

Action                   |  1- 3 |  4- 6 |  7- 9 | 10-12 | 13-15 || total
-------------------------+-------+-------+-------+-------+-------++-------
Melee: Flail             |   124 |   157 |    84 |   164 |       ||   529
       Whip              |       |       |   312 |       |       ||   312
       Great mace        |       |       |       |   252 |   126 ||   378
Throw: Boomerang         |       |       |    33 |       |       ||    33
       Dart              |       |       |    27 |    84 |    22 ||   133
Invok: Draw Summoning    |       |     1 |     1 |     5 |     2 ||     9
       Draw Destruction  |       |       |     2 |    20 |     5 ||    27
       Draw Escape       |       |       |     1 |       |     4 ||     5
       Deal Four         |       |       |       |     2 |       ||     2
Evoke: Wand              |       |       |     2 |     3 |       ||     5
  Use: Scroll            |       |     4 |     3 |     5 |       ||    12
       Potion            |       |       |     7 |       |     3 ||    10
 Stab: Distracted        |       |       |       |     1 |       ||     1
Armor: Scale mail        |    61 |   112 |   284 |   197 |       ||   654
       Plate armour      |       |       |       |   160 |   119 ||   279
Dodge: Dodged            |    54 |    86 |   147 |   320 |   107 ||   714
Block: Buckler           |    23 |    41 |    75 |    36 |       ||   175

Table legend: (Time is in decaauts)
 A = Elapsed time spent in this place.
 B = Non-inter-level travel time spent in this place.
 C = Inter-level travel time spent in this place.
 D = Time resting spent in this place.
 E = Time spent auto-exploring this place.
 F = Levels seen in this place.
 G = Mean time per level.
                   A        B        C        D        E       F      G
               +--------+--------+--------+--------+--------+-----+--------+
         Total |  15663 |  14795 |    868 |   1266 |   9973 |  17 |  921.4 |
       Dungeon |  14396 |  13542 |    854 |   1101 |   9269 |  13 | 1107.4 |
        Temple |      1 |      0 |      1 |      0 |      0 |   1 |    1.0 |
  Orcish Mines |    910 |    898 |     12 |      0 |    648 |   2 |  455.0 |
         Sewer |    354 |    354 |      0 |    165 |     55 |   1 |  354.0 |
               +--------+--------+--------+--------+--------+-----+--------+

Top non-repeatable levels by time:
     D:6: 1817 daAuts
     D:9: 1709 daAuts
    D:10: 1681 daAuts
     D:1: 1503 daAuts
     D:5: 1312 daAuts
     D:7: 1167 daAuts
    D:11: 1111 daAuts
    D:12: 1094 daAuts
     D:8: 880 daAuts
     D:2: 866 daAuts
     D:3: 785 daAuts
   Orc:1: 747 daAuts
     D:4: 459 daAuts
   Sewer: 354 daAuts
   Orc:2: 162 daAuts
